 Dungeon Crawl Stone Soup version 0.23.1-37-gaa34b87b72 (webtiles) character file.

Game seed: 76841898757466301

75 GGGomer the Skirmisher (level 4, -2/29 HPs)
             Began as a Gargoyle Fighter on Mar 20, 2019.
             Was an Initiate of Ashenzari.
             Killed by divine providence
             ... invoked by an orc priest
              (15 damage)
             ... on level 3 of the Dungeon.
             The game lasted 00:11:54 (2866 turns).

GGGomer the Skirmisher (Gargoyle Fighter)           Turns: 2866, Time: 00:11:55

Health: -2/29      AC: 13    Str: 20    XL:     4   Next: 31%
Magic:  4/4        EV:  5    Int:  9    God:    Ashenzari [......]
Gold:   136        SH:  9    Dex:  9    Spells: 3/3 levels left

rFire    . . .     SeeInvis .   a - +1 flail
rCold    . . .     Gourm    .   c - +0 shield
rNeg     + . .     Faith    .   u - +0 chain mail
rPois    ∞         Spirit   .   (no helmet)
rElec    +         Reflect  .   (no cloak)
rCorr    .         Harm     .   (no gloves)
MR       .....                  (no boots)
Stlth    ..........             (no amulet)
HPRegen  0.09/turn              (no ring)
MPRegen  0.09/turn              (no ring)

@: no status effects
A: negative energy resistance 1, electricity resistance, unbreathing,
petrification resistance, rot immunity, AC +3
a: Curse Item, Renounce Religion


You were on level 3 of the Dungeon.
You worshipped Ashenzari.
Ashenzari was noncommittal.
You were hungry.

You visited 1 branch of the dungeon, and saw 3 of its levels.

You collected 136 gold pieces.

Inventory:

Hand Weapons
 a - a +1 flail (weapon)
 b - a +0 hunting sling
 r - a +0 hunting sling
Missiles
 i - 73 stones (quivered)
 n - 55 sling bullets
Armour
 c - a +0 shield (worn)
 u - a +0 chain mail (worn)
Scrolls
 e - a scroll of teleportation
 j - 4 scrolls of remove curse
 m - a scroll of enchant armour
Potions
 d - a potion of might
 g - 2 potions of brilliance
 h - a potion of curing {unknown}
 k - a potion of mutation {unknown}
 o - 2 potions of agility {unknown}
 p - a potion of degeneration {unknown}
 q - 3 potions of heal wounds {unknown}
 s - a potion of flight {unknown}
 t - 3 potions of haste {unknown}
Comestibles
 f - 4 rations


   Skills:
 * Level 3.9 Fighting
 * Level 2.7 Maces & Flails
 * Level 3.9 Armour
 + Level 1.2 Stealth
 * Level 3.8 Shields


You had 3 spell levels left.
You didn't know any spells.
Your spell library was empty.

Dungeon Overview and Level Annotations

Branches:
Dungeon (3/15)

Altars:
Ashenzari
Nemelex Xobeh
Qazlal
Vehumet
Xom


Innate Abilities, Weirdness & Mutations

You are resistant to torment.
Your stone body is resilient. (AC +3)
You are immune to poison.
You resist negative energy. (rN+)
You are resistant to electric shocks. (rElec)
You can survive without breathing.
You are immune to petrification.
You are immune to rotting.


Message History

The orc is heavily wounded.
The orc hits you but does no damage.
You hit the orc.
You kill the orc!
You thump the orc!
You kill the orc!
The orc priest shouts!
The orc priest casts a cantrip, but nothing happens.
Items here: ) [ †† a cursed +0 leather armour; a +0 whip of venom; an orc corpse x2
You barely miss the orc priest.
The orc priest invokes the aid of Beogh against you.
Beogh smites you!
Ouch! That really hurt!
The orc priest hits you but does no damage.
You barely miss the orc priest.
The orc priest invokes the aid of Beogh against you.
Beogh smites you!
Ouch! That really hurt!
You die...

#.# #.........# #.#
#.........#
#.######.........#
#.#....).........#
#.#.####.........#
####.#.# #.........#
.....#.## #.........#
####.>..###........)#
#.....#######@####
##....# #o# ##.#.#
###.### #.#.# #.....#
#.#.# #.###.# #.#..
... #.....o.. #.#>.
### #........ .....#
....####o ##..#


You could see an orc priest.

Vanquished Creatures
  3 adders
  2 worms (D:2)
  A dart slug (D:2)
  2 leopard geckos
  2 orcs (D:3)
  2 giant cockroaches
  4 hobgoblins
  8 kobolds
  A ball python (D:1)
  7 bats
  2 frilled lizards (D:2)
  4 goblins
  A rat (D:2)
39 creatures vanquished.

Notes
Turn   | Place    | Note
-------+----------+-------------------------------------------
     0 | D:1      | GGGomer the Gargoyle Fighter began the quest for the Orb.
     0 | D:1      | Reached XP level 1. HP: 14/14 MP: 1/1
   305 | D:1      | Reached XP level 2. HP: 19/19 MP: 2/2
  1082 | D:2      | Reached XP level 3. HP: 24/24 MP: 3/3
  1284 | D:2      | Found a shimmering altar of Xom.
  1318 | D:2      | Reached skill level 1 in Stealth
  1477 | D:2      | Found a radiant altar of Vehumet.
  2031 | D:3      | Found a stormy altar of Qazlal.
  2266 | D:3      | Reached XP level 4. HP: 25/29 MP: 4/4
  2455 | D:3      | Found a shattered altar of Ashenzari.
  2459 | D:3      | Found a sparkling altar of Nemelex Xobeh.
  2498 | D:3      | Became a worshipper of Ashenzari the Shackled
  2866 | D:3      | Killed from afar by an orc priest

Skill      XL: |  1  2  3 |
---------------+----------+-----
Stealth        | 1 |  1.2
Fighting       | |  3.9
Maces & Flails | |  2.7
Armour         | |  3.9
Shields        | |  3.8

Action                   |  1- 3 |  4- 6 || total
-------------------------+-------+-------++-------
Melee: Flail             |   163 |    16 ||   179
  Use: Scroll            |     6 |     2 ||     8
  Eat: Ration            |     1 |       ||     1
       Chunk             |       |     2 ||     2
Armor: Scale mail        |   102 |       ||   102
       Chain mail        |    16 |     7 ||    23
Dodge: Dodged            |    70 |     4 ||    74
Block: Shield            |   111 |     3 ||   114
